 Dungeon Crawl Stone Soup version 0.19.1 (webtiles) character file.

179 Gargoyl the Skirmisher (level 5, -2/46 HPs)
             Began as a Ghoul Abyssal Knight on Dec 26, 2016.
             Was a Believer of Lugonu.
             Killed from afar by an orc wizard (5 damage)
             ... with a puff of flame
             ... on level 3 of the Dungeon.
             The game lasted 00:06:16 (2854 turns).

Gargoyl the Skirmisher (Ghoul Abyssal Knight)       Turns: 2854, Time: 00:06:17

Health: -2/46      AC:  9    Str: 16    XL:     5   Next: 59%
Magic:  6/6        EV:  7    Int:  7    God:    Lugonu [**....]
Gold:   183        SH:  0    Dex:  9    Spells: 0 memorised, 4 levels left

rFire  . . .     SeeInvis .     a - +1 hand axe
rCold  + . .     Gourm    .     s - +0 chain mail
rNeg   + + +     Faith    .     (no shield)
rPois  ∞         Spirit   .     (no helmet)
rElec  .         Reflect  .     (no cloak)
rCorr  .         Harm     .     (no gloves)
MR     +....                    (no boots)
Stlth  ..........               (no amulet)
                                (no ring)
                                g - ring of protection from magic

@: rotting
A: rotting body, claws 1, carnivore 3, cold resistance 1, negative energy
resistance 3, slow regeneration 1, torment resistance, unbreathing
a: Depart the Abyss, Bend Space, Renounce Religion


You were on level 3 of the Dungeon.
You worshipped Lugonu.
Lugonu was pleased with you.
You were not hungry.

You visited 1 branch of the dungeon, and saw 3 of its levels.
You visited the Abyss 1 time.

You collected 183 gold pieces.

Inventory:

Hand Weapons
 a - a +1 hand axe (weapon)
Missiles
 u - 2 tomahawks (quivered)
Armour
 s - a +0 chain mail (worn)
Jewellery
 g - a ring of protection from magic (left claw)
 j - a cursed -3 ring of protection {unknown}
Scrolls
 b - 2 scrolls of magic mapping {unknown}
 e - a scroll of amnesia {unknown}
 i - 3 scrolls of identify
 n - a scroll of remove curse
 r - a scroll of enchant weapon {unknown}
 t - a scroll of fog
Potions
 d - a potion of might {unknown}
 f - a potion of degeneration {unknown}
 h - a potion of mutation {unknown}
 l - a potion of beneficial mutation {unknown}
 m - a potion of magic {unknown}
 o - a potion of haste {unknown}
 v - 2 potions of cure mutation {unknown}
Comestibles
 c - 6 meat rations
 k - a slice of pizza
 q - 2 beef jerkies


   Skills:
 + Level 4.0 Fighting
 + Level 2.8 Axes
 * Level 3.2 Armour
 + Level 1.1 Dodging
 * Level 3.5 Invocations


You had 4 spell levels left.
You didn't know any spells.

Dungeon Overview and Level Annotations

Branches:
Dungeon (3/15)

Altars:
Trog
Yredelemnul

Annotations:
D:2 Sigmund


Innate Abilities, Weirdness & Mutations

Your body is rotting away.
You thrive on raw meat.
You are immune to poison.
You have sharp fingernails.
You are carnivorous and can eat meat at any time.
Your flesh is cold resistant. (rC+)
You are immune to negative energy. (rN+++)
You regenerate slowly when monsters are visible.
You are immune to unholy pain and torment.
You can survive without breathing.


Message History

You closely miss the orc wizard.
The orc wizard is moderately wounded.
The orc wizard points at you and mumbles some strange words.
The puff of flame hits you!
* * * LOW HITPOINT WARNING * * *
You closely miss the orc wizard.
The orc wizard is moderately wounded.
The orc wizard barely misses you.
Your chain mail prevents you from hitting the orc wizard.
The orc wizard is moderately wounded.
The orc wizard hits you with a mace.
* * * LOW HITPOINT WARNING * * *
You hit the orc wizard.
The orc wizard is heavily wounded.
The orc wizard hits you but does no damage.
You hit the orc wizard.
The orc wizard is severely wounded.
The orc wizard gestures at you while chanting.
The puff of flame hits you!
You die...

#.#.....## #..#
#.#......# #########.#
#.#.#.##.###.......#..
#..........+..........
###.####.###.........)
####'####.###........#.
#...........'........#.
#<...)o...###........#.
#.....@...# #........#.
#.........# #..........
#.........###..(.....#.
#............).......#.
#..........##.####...#.
#...........#.####...#.
#.........#.#...<#...#+
#.........#.#.#.##.....
###########...#.#####..


You could see an orc wizard.

Vanquished Creatures
  An orc priest (D:3)
  Terence (D:2)
  3 gnolls
  3 adders
  An ooze (D:2)
  2 worms (D:2)
  5 orcs (D:3)
  7 bats
  5 giant cockroaches
  6 goblins
  7 hobgoblins
  3 frilled lizards
  6 kobolds
  9 rats
59 creatures vanquished.

Notes
Turn   | Place    | Note
-------+----------+-------------------------------------------
     0 | Abyss:1  | Gargoyl the Ghoul Abyssal Knight began the quest for the Orb.
     0 | Abyss:1  | Reached XP level 1. HP: 19/19 MP: 1/1
   122 | Abyss:1  | Noticed a neqoxec
   222 | Abyss:2  | Found a hide-covered altar of Uskayaw.
   237 | Abyss:2  | Noticed a small abomination
   260 | Abyss:2  | Noticed an eye of draining
   261 | Abyss:2  | Noticed an apocalypse crab
   275 | D:1      | Escaped the Abyss
   424 | D:1      | Reached * piety under Lugonu
   432 | D:1      | Reached XP level 2. HP: 26/26 MP: 2/2
   487 | D:1      | Reached skill level 1 in Dodging
  1149 | D:2      | Noticed Sigmund
  1183 | D:3      | Found a bloodstained altar of Trog.
  1226 | D:2      | Reached XP level 3. HP: 16/33 MP: 3/3
  1497 | D:2      | Reached XP level 4. HP: 23/40 MP: 5/5
  1907 | D:2      | Found a faded altar of an unknown god.
  2167 | D:2      | Noticed Terence
  2187 | D:2      | Killed Terence
  2214 | D:2      | Found a basalt altar of Yredelemnul.
  2259 | D:3      | Reached ** piety under Lugonu
  2259 | D:3      | Reached XP level 5. HP: 40/46 MP: 6/6
  2393 | D:3      | Reached skill level 4 in Fighting
  2854 | D:3      | Killed from afar by an orc wizard

Skill      XL: |  1  2  3  4  5 |
---------------+----------------+-----
Dodging        | 1 |  1.1
Armour         | 2 3 |  3.2
Axes           | 2 |  2.8
Invocations    | 3 |  3.5
Fighting       | 4 |  4.0

Action                   |  1- 3 |  4- 6 || total
-------------------------+-------+-------++-------
Melee: Hand axe          |    76 |   187 ||   263
Invok: Depart the Abyss  |     1 |       ||     1
  Use: Scroll            |     6 |       ||     6
       Potion            |     1 |     3 ||     4
  Eat: Chunk             |     8 |    26 ||    34
Armor: Leather armour    |    13 |       ||    13
       Chain mail        |    18 |   100 ||   118
       Ring mail         |     3 |       ||     3
Dodge: Dodged            |    36 |    72 ||   108
